 Dungeon Crawl Stone Soup version 0.31.0-9-g3a7656b989 (webtiles) character file.

Game seed: 3757969744461849653

5174 qw the Markself (level 10, -7/59 HPs)
             Began as a Deep Elf Hunter on Feb 2, 2024.
             Mangled by a death yak (19 damage)
             ... on level 8 of the Dungeon.
             The game lasted 00:00:36 (6405 turns).

qw the Markself (Deep Elf Hunter)                   Turns: 6405, Time: 00:00:36

Health: -7/59      AC: 13    Str: 12    XL:     10   Next: 34%
Magic:  12/12      EV: 14    Int: 15    God:
Gold:   313        SH:  5    Dex: 18    Spells: 9/9 levels left

rFire   + . .        a - +4 shortbow
rCold   . . .        (shield currently unavailable)
rNeg    . . .        p - +0 ring mail {rF+}
rPois   .            l - +2 helmet
rElec   .            g - +0 cloak
rCorr   .            (no gloves)
SInv    .            j - +2 pair of boots
Will    +....        o - amulet of reflection
Stlth   +            k - +4 ring of slaying {mikee}
HPRegen 0.29/turn    (no ring)
MPRegen 0.13/turn

%: reflection
@: no status effects
A: no striking features
a: no special abilities


You were on level 8 of the Dungeon.
You visited 2 branches of the dungeon, and saw 9 of its levels.
You also visited: Sewer and Ossuary.

You collected 313 gold pieces.


   Skills:
 - Level 5.0 Fighting
 - Level 18.6 Ranged Weapons
 - Level 3.4 Armour
 + Level 7.8 Dodging
 - Level 1.2 Stealth


You had 9 spell levels left.
You didn't know any spells.
Your spell library was empty.

Inventory:

Hand Weapons
 a - a +4 shortbow (weapon)
Armour
 g - a +0 cloak (worn)
 j - a +2 pair of boots (worn)
 l - a +2 helmet (worn)
 p - a +0 ring mail of fire resistance (worn)
Jewellery
 k - a +4 ring of slaying (left hand) {mikee}
 o - an amulet of reflection (around neck)
Wands
 e - a wand of polymorph (11)
 m - a wand of paralysis (4)
Potions
 b - 3 potions of curing
 c - 6 potions of mutation
 h - 3 potions of might
 n - a potion of ambrosia {unknown}
 q - a potion of enlightenment
 s - a potion of cancellation {unknown}

Dungeon Overview and Level Annotations

Branches:
Dungeon (8/15)             Temple (1/1) D:7            Lair (0/5) D:8
  Sewer (visited)         Ossuary (visited)

Altars:
Ashenzari
Cheibriados
Dithmenos
Elyvilon
Hepliaklqana
Kikubaaqudgha
Makhleb
Nemelex Xobeh
Qazlal
Ru
Trog
Uskayaw
Vehumet
Wu Jian
Xom
Yredelemnul
Zin
The Shining One


Message History

The death yak is severely wounded.
The death yak misses you.
You shoot an arrow. The arrow hits the death yak.
The death yak is severely wounded.
You shoot an arrow. The arrow hits the death yak!
The death yak is almost dead.
The death yak completely misses you.
You shoot an arrow. The arrow hits the death yak.
The death yak is almost dead.
The death yak gores you.
You shoot an arrow. The arrow hits the death yak.
The death yak is almost dead.
The death yak gores you but does no damage.
You shoot an arrow. The arrow hits the death yak.
You kill the death yak!
You shoot an arrow. The arrow hits the death yak.
The death yak is lightly wounded.
The death yak completely misses you.
You shoot an arrow. The arrow hits the death yak!
The death yak is moderately wounded.
The death yak gores you!
You shoot an arrow. The arrow barely misses the death yak.
The arrow closely misses the rat.
The death yak misses you.
You shoot an arrow. The arrow hits the death yak.
The death yak is moderately wounded.
You shoot an arrow.
The arrow hits the death yak but does no damage.
The death yak is moderately wounded.
The death yak barely misses you.
You shoot an arrow. The arrow hits the death yak.
The death yak is moderately wounded.
The death yak gores you.
6404 ||| DRINKING potion of heal wounds.
You feel much better. The death yak gores you!!
You shoot an arrow. The arrow hits the death yak.
The death yak is moderately wounded.
The death yak gores you!!
You die...

#....YY..# #.########
#### #r# ...# #.#
...################.#
..................#Y#
...#############>##.#
#### #.##.# #@##.#
#Y##Y# #r##.# #.##.#
#.##.# #.##.# #.##.#
#.##.# #....#


You could see a death yak and a rat.

Vanquished Creatures
  2 death yaks (D:8)
  Eustachio (D:6)
  Edmund (D:6)
  3 water moccasins
  An ice beast (D:7)
  A sky beast (D:6)
  3 black bears
  3 ogres
  3 centaurs
  A phantom (D:4)
  An elf zombie (Ossuary)
  2 bullfrogs
  A gnoll sergeant (D:7)
  8 wights
  2 bombardier beetles
  6 hounds
  2 orc priests (D:6)
  7 jellies
  A sleepcap (D:6)
  Ijyb (D:3)
  6 iguanas
  2 orc wizards
  A hell rat (D:8)
  6 hound zombies (Ossuary)
  7 gnolls
  5 adders
  A river rat (Sewer)
  2 white imps (D:5)
  2 ufetubi (D:4)
  2 adder zombies (Ossuary)
  2 dart slugs
  3 ribbon worms
  19 orcs
  9 ball pythons
  14 endoplasms
  8 giant cockroaches
  4 gnoll zombies (Ossuary)
  6 goblins
  5 hobgoblins
  4 jackals
  7 quokkas
  6 bats
  5 frilled lizards
  3 jackal zombies (Ossuary)
  3 kobolds (D:4)
  2 kobold zombies (Ossuary)
  2 orc zombies (Ossuary)
  7 rats
193 creatures vanquished.

Notes
Turn   | Place    | Note
-------+----------+-------------------------------------------
     0 | D:1      | qw the Deep Elf Hunter began the quest for the Orb.
     0 | D:1      | Reached XP level 1. HP: 12/12 MP: 3/3
     0 | D:1      | 0 ||| qw: Version: 0.3-a-155-g5e7d8dd
     0 | D:1      | 0 ||| qw: Game counter: 1033
     0 | D:1      | 0 ||| qw: Melee chars always use a shield: true
     0 | D:1      | 0 ||| qw: God list: Okawaru
     0 | D:1      | 0 ||| qw: Allow faded altars: false
     0 | D:1      | 0 ||| qw: Do Orc after clearing Dungeon:15 true
     0 | D:1      | 0 ||| qw: Do second Lair branch before Depths: true
     0 | D:1      | 0 ||| qw: Lair rune preference: random
     0 | D:1      | 0 ||| qw: Goals: Normal
     0 | D:1      | 0 ||| PLANNING D:1-11
    67 | D:1      | Reached XP level 2. HP: 16/16 MP: 4/4
    69 | D:1      | Reached skill level 6 in Ranged Weapons
   624 | D:1      | 624 ||| UPGRADING to +0 cloak.
   629 | D:1      | 629 ||| DROPPING ring of wizardry.
   630 | D:1      | 630 ||| UPGRADING to +4 ring of slaying {mikee}.
   631 | D:1      | 631 ||| READING 6 scrolls labelled WOIKHIT WEEWNO.
   631 | D:1      | 631 ||| IDENTIFYING emerald potion
   632 | D:1      | 632 ||| READING 5 scrolls of identify.
   632 | D:1      | 632 ||| IDENTIFYING blue potion
   633 | D:1      | 633 ||| READING 4 scrolls of identify.
   633 | D:1      | 633 ||| IDENTIFYING 2 amethyst potions
   634 | D:1      | 634 ||| READING 3 scrolls of identify.
   634 | D:1      | 634 ||| IDENTIFYING scroll labelled XESYESTRYAQE
   635 | D:1      | 635 ||| READING scroll of enchant weapon.
   635 | D:1      | 635 ||| ENCHANTING +0 shortbow.
   636 | D:1      | 636 ||| DROPPING scroll of butterflies.
   637 | D:1      | 637 ||| DROPPING potion of brilliance.
   670 | D:2      | Reached XP level 3. HP: 20/20 MP: 5/5
   918 | D:2      | 918 ||| READING scroll of enchant weapon.
   918 | D:2      | 918 ||| ENCHANTING +1 shortbow.
  1053 | D:2      | Found a faded altar of an unknown god.
  1216 | D:2      | Reached skill level 7 in Ranged Weapons
  1341 | D:2      | 1341 ||| UPGRADING to +0 ring mail.
  1351 | D:2      | 1351 ||| DROPPING +0 leather armour.
  1352 | D:2      | 1352 ||| READING 3 scrolls of identify.
  1352 | D:2      | 1352 ||| IDENTIFYING pink potion
  1353 | D:2      | 1353 ||| READING 2 scrolls of identify.
  1353 | D:2      | 1353 ||| IDENTIFYING scroll labelled ZOMANWYG ZUHU
  1354 | D:2      | 1354 ||| DROPPING scroll of silence.
  1507 | D:3      | Found an ornate altar of the Wu Jian Council.
  1633 | D:3      | Found a bloodstained altar of Trog.
  1806 | D:3      | Reached XP level 4. HP: 25/25 MP: 6/6
  1878 | D:3      | Noticed Ijyb
  1886 | D:3      | Killed Ijyb
  1887 | D:3      | Reached skill level 8 in Ranged Weapons
  2178 | D:3      | 2178 ||| UPGRADING to +0 pair of boots.
  2183 | D:3      | 2183 ||| UPGRADING to +0 helmet.
  2188 | D:3      | 2188 ||| READING 3 scrolls of identify.
  2188 | D:3      | 2188 ||| IDENTIFYING inky potion
  2189 | D:3      | 2189 ||| READING 2 scrolls of identify.
  2189 | D:3      | 2189 ||| IDENTIFYING 3 sapphire potions
  2190 | D:3      | 2190 ||| DROPPING potion of lignification.
  2215 | D:4      | 2215 ||| PLANNING OSSUARY
  2238 | D:4      | Found a sand-covered staircase.
  2243 | Ossuary  | Entered an ossuary
  2262 | Ossuary  | Reached skill level 1 in Armour
  2269 | Ossuary  | Reached XP level 5. HP: 29/29 MP: 7/7
  2344 | Ossuary  | Reached skill level 9 in Ranged Weapons
  2378 | Ossuary  | Reached XP level 6. HP: 35/35 MP: 8/8
  2438 | D:4      | 2438 ||| PLANNING SEWER
  2729 | D:4      | Found a glowing drain.
  2730 | D:4      | 2730 ||| READING scroll of identify.
  2730 | D:4      | 2730 ||| IDENTIFYING scroll labelled ANLAINEFRA
  2734 | D:4      | 2734 ||| READING scroll labelled DYTESS ZASAPA.
  2734 | D:4      | 2734 ||| ENCHANTING +0 helmet.
  2735 | D:4      | 2735 ||| DROPPING scroll of fog.
  2759 | Sewer    | Entered a sewer
  2862 | Sewer    | Reached skill level 10 in Ranged Weapons
  2871 | Sewer    | Reached skill level 3 in Dodging
  2929 | Sewer    | Reached XP level 7. HP: 40/40 MP: 9/9
  2945 | Sewer    | Found a viscous altar of Jiyva.
  2986 | Sewer    | 2986 ||| READING scroll labelled EPRAJO MUNWECW.
  2987 | Sewer    | 2987 ||| DRINKING 2 fuming coppery potions.
  2989 | Sewer    | 2989 ||| Stepping ~*~*~tactically~*~*~ (cloud).
  3112 | D:4      | 3112 ||| PLANNING D:1-11
  3121 | D:4      | 3121 ||| READING scroll of enchant armour.
  3121 | D:4      | 3121 ||| ENCHANTING +1 helmet.
  3412 | D:4      | Found a snail-covered altar of Cheibriados.
  3443 | D:4      | 3443 ||| READING 2 scrolls of identify.
  3443 | D:4      | 3443 ||| IDENTIFYING fuming brown potion
  3444 | D:4      | 3444 ||| READING scroll of identify.
  3444 | D:4      | 3444 ||| IDENTIFYING red potion
  3445 | D:4      | 3445 ||| DRINKING potion of experience.
  3445 | D:4      | Reached skill level 18 in Ranged Weapons
  3445 | D:4      | Reached XP level 8. HP: 45/45 MP: 10/10
  3446 | D:4      | 3446 ||| DROPPING potion of magic.
  3468 | D:5      | Entered Level 5 of the Dungeon
  3472 | D:5      | 3472 ||| STAIRDANCE
  3514 | D:5      | Reached skill level 3 in Fighting
  4365 | D:6      | Noticed Edmund
  4385 | D:6      | HP: 5/46 [Edmund/+5 dire flail of protection (11)]
  4386 | D:6      | 4386 ||| DRINKING 2 potions of heal wounds.
  4388 | D:6      | Killed Edmund
  4389 | D:6      | Reached XP level 9. HP: 18/50 MP: 11/11
  4524 | D:6      | 4524 ||| READING scroll of enchant weapon.
  4524 | D:6      | 4524 ||| ENCHANTING +2 shortbow.
  4539 | D:6      | Noticed Eustachio
  4543 | D:6      | 4543 ||| RETREEEEATING.
  4544 | D:6      | 4544 ||| RETREEEEATING.
  4545 | D:6      | 4545 ||| RETREEEEATING.
  4546 | D:6      | 4546 ||| RETREEEEATING.
  4547 | D:6      | 4547 ||| RETREEEEATING.
  4548 | D:6      | 4548 ||| RETREEEEATING.
  4549 | D:6      | 4549 ||| RETREEEEATING.
  4550 | D:6      | 4550 ||| RETREEEEATING.
  4551 | D:6      | 4551 ||| RETREEEEATING.
  4552 | D:6      | 4552 ||| RETREEEEATING.
  4553 | D:6      | 4553 ||| DRINKING potion of haste.
  4581 | D:6      | Killed Eustachio
  4666 | D:6      | 4666 ||| READING scroll of enchant armour.
  4666 | D:6      | 4666 ||| ENCHANTING +0 pair of boots.
  4769 | D:6      | Reached skill level 6 in Dodging
  5218 | D:6      | 5218 ||| UPGRADING to +0 ring mail of fire resistance.
  5228 | D:6      | 5228 ||| DROPPING +0 ring mail.
  5229 | D:6      | 5229 ||| UPGRADING to amulet of reflection.
  5234 | D:6      | 5234 ||| READING scroll labelled ITUOHE LUALUI.
  5235 | D:6      | 5235 ||| DRINKING 2 grey potions.
  5236 | D:6      | 5236 ||| DRINKING 2 cyan potions.
  5237 | D:6      | 5237 ||| DROPPING potion of invisibility.
  5308 | D:7      | 5308 ||| READING scroll of enchant weapon.
  5308 | D:7      | 5308 ||| ENCHANTING +3 shortbow.
  5389 | D:7      | Found a glowing silver altar of Zin.
  5558 | D:7      | Found a hide-covered altar of Uskayaw.
  5716 | D:7      | Found a staircase to the Ecumenical Temple.
  5717 | D:7      | 5717 ||| PLANNING TEMPLE
  5717 | D:7      | 5717 ||| DROPPING amulet of magic regeneration.
  5718 | D:7      | 5718 ||| READING scroll labelled DUYLLEOGAS.
  5719 | D:7      | 5719 ||| READING scroll labelled WUAM YNOINNIRCH.
  5728 | Temple   | Entered the Ecumenical Temple
  5729 | Temple   | 5729 ||| PLANNING D:1-11
  5842 | D:7      | Reached XP level 10. HP: 59/59 MP: 12/12
  6203 | D:7      | 6203 ||| READING scroll labelled GALLUG TAMMERPH.
  6251 | D:8      | 6251 ||| READING scroll of enchant armour.
  6251 | D:8      | 6251 ||| ENCHANTING +1 pair of boots.
  6309 | D:8      | Found a staircase to the Lair.
  6309 | D:8      | Noticed a death yak
  6310 | D:8      | 6310 ||| DRINKING potion of haste.
  6312 | D:8      | Noticed a death yak
  6316 | D:8      | Noticed a death yak
  6317 | D:8      | 6317 ||| RETREEEEATING.
  6328 | D:8      | Killed a death yak
  6329 | D:8      | Reached skill level 3 in Armour
  6332 | D:8      | 6332 ||| FLEEEEING.
  6333 | D:8      | 6333 ||| FLEEEEING.
  6334 | D:8      | 6334 ||| FLEEEEING.
  6335 | D:8      | 6335 ||| FLEEEEING.
  6336 | D:8      | 6336 ||| FLEEEEING.
  6337 | D:8      | 6337 ||| FLEEEEING.
  6338 | D:8      | 6338 ||| FLEEEEING.
  6339 | D:8      | 6339 ||| FLEEEEING.
  6343 | D:8      | 6343 ||| FLEEEEING.
  6344 | D:8      | 6344 ||| FLEEEEING.
  6345 | D:8      | 6345 ||| FLEEEEING.
  6346 | D:8      | 6346 ||| FLEEEEING.
  6347 | D:8      | 6347 ||| FLEEEEING.
  6348 | D:8      | 6348 ||| FLEEEEING.
  6352 | D:8      | 6352 ||| FLEEEEING.
  6353 | D:8      | 6353 ||| FLEEEEING.
  6354 | D:8      | 6354 ||| FLEEEEING.
  6355 | D:8      | 6355 ||| FLEEEEING.
  6356 | D:8      | 6356 ||| FLEEEEING.
  6357 | D:8      | 6357 ||| FLEEEEING.
  6358 | D:8      | 6358 ||| FLEEEEING.
  6359 | D:8      | 6359 ||| FLEEEEING.
  6360 | D:8      | 6360 ||| FLEEEEING.
  6361 | D:8      | 6361 ||| FLEEEEING.
  6362 | D:8      | 6362 ||| FLEEEEING.
  6363 | D:8      | 6363 ||| FLEEEEING.
  6364 | D:8      | 6364 ||| FLEEEEING.
  6365 | D:8      | 6365 ||| FLEEEEING.
  6366 | D:8      | 6366 ||| FLEEEEING.
  6373 | D:8      | 6373 ||| FLEEEEING.
  6374 | D:8      | 6374 ||| FLEEEEING.
  6375 | D:8      | 6375 ||| FLEEEEING.
  6376 | D:8      | 6376 ||| FLEEEEING.
  6377 | D:8      | 6377 ||| FLEEEEING.
  6378 | D:8      | 6378 ||| FLEEEEING.
  6379 | D:8      | 6379 ||| FLEEEEING.
  6380 | D:8      | 6380 ||| FLEEEEING.
  6397 | D:8      | Killed a death yak
  6403 | D:8      | HP: 14/59 [death yak (3)]
  6404 | D:8      | 6404 ||| DRINKING potion of heal wounds.
  6405 | D:8      | Mangled by a death yak

Levels and vault maps discovered:
D:1:      elethiomel_arrival_infinity_welcomes_careful_drivers, layout_basic
D:2:      layout_loops_cross, ebering_ecumenical_altar_sacrificial,
          kennysheep_potato
D:3:      layout_basic, trog_butcher_becter, nicolae_wu_jian_wuxing_cycle,
          uniq_ijyb
D:4:      layout_loops_ring, mainiacjoe_overflow_surrounded_room,
          cheibrodos_sewer_entry_sluice, enter_ossuary_5
D:5:      layout_loops_cross
D:6:      layout_gridville, uniq_eustachio, uniq_edmund
D:7:      layout_gridville, zin_academy, eat_drink_and_be_merry_uskayaw,
          minmay_temple_entry_drinking_statues
D:8:      layout_basic, dpeg_lair_monsters, minmay_orc_keep
Temple:   hellmonk_temple_forest_ring

Skill      XL: |  1  2  3  4  5  6  7  8  9 10 |
---------------+-------------------------------+-----
Ranged Weapons | 6 7 8 9 10 18 | 18.6
Armour         | 1 2 3 |  3.4
Fighting       | 2 3 5 |  5.0
Dodging        | 3 5 7 |  7.8
Stealth        | |  1.2

Action                     |  1- 3 |  4- 6 |  7- 9 | 10-12 || total
---------------------------+-------+-------+-------+-------++-------
   Fire: Shortbow          |    99 |   169 |   292 |    55 ||   615
    Use: Scroll            |     8 |     4 |    10 |     2 ||    24
         Potion            |       |       |     6 |     2 ||     8
 Armour: Leather armour    |     3 |       |       |       ||     3
         Ring mail         |     3 |    27 |    38 |    12 ||    80
  Dodge: Dodged            |    13 |    20 |    38 |     9 ||    80
  Block: Other             |       |       |     1 |     5 ||     6

Table legend:
 A = Non-vault XP
 B = Vault XP
 C = Vault XP percentage of total XP
 D = Non-vault monster count
 E = Vault monster count
 F = Vault count percentage of total count
                 A         B        C        D         E       F
            +---------+---------+-------+---------+---------+-------
      Total |    4026 |    2500 |  38.3 |     135 |      58 |  30.1
            +---------+---------+-------+---------+---------+-------
        D:1 |      39 |       0 |   0.0 |      21 |       0 |   0.0
        D:2 |      20 |       4 |  16.7 |       9 |       3 |  25.0
        D:3 |      54 |      43 |  44.3 |      17 |       5 |  22.7
        D:4 |     358 |       6 |   1.6 |      16 |       4 |  20.0
        D:5 |     896 |       0 |   0.0 |      23 |       0 |   0.0
        D:6 |    1454 |     370 |  20.3 |      30 |       2 |   6.2
        D:7 |    1205 |       0 |   0.0 |      19 |       0 |   0.0
        D:8 |       0 |    1655 | 100.0 |       0 |       3 | 100.0
      Sewer |       0 |     178 | 100.0 |       0 |      21 | 100.0
    Ossuary |       0 |     244 | 100.0 |       0 |      20 | 100.0
            +---------+---------+-------+---------+---------+-------
